Map: [TLMC20] Persephone

Players

Serral

  • Race: Zerg Zerg
  • League: Master
  • Spawn Location: 11:00

LiquidMaNa (MaNa) - Winner!

  • Race: Protoss Protoss
  • League: Grandmaster
  • Spawn Location: 7:00

VOD

Have the link to the VOD?

Description

Time

  • Played on: April 29, 2025, 5:27 a.m.
  • Length: 14:41
Show
View Real Time Build Order
Export as new Build Order

Serral Zerg 

Build Orders: Hatch First 

Get SALT Encoding   

  12  0:00  Drone  
  13  0:08  Drone  
  14  0:14  Extractor, Drone  
  15  0:21  Overlord  
  15  0:40  Drone x2  
  17  0:50  Hatchery  
  17  0:52  Drone  
  17  0:55  Drone  
  18  1:06  Extractor  
  17  1:11  Spawning Pool  
  17  1:14  Drone  
  17  1:18  Drone  
  18  1:26  Drone  
  19  1:37  Drone  
  20  1:49  Overlord  
  20  1:58  Queen  
  22  2:02  Zergling x4, Queen  
  26  2:10  Metabolic Boost, Drone  
  26  2:13  Drone  
  28  2:23  Drone x2  
  30  2:35  Drone  
  31  2:37  Queen  
  33  2:46  Hatchery  
  33  2:48  Overlord  
  33  2:51  Drone  
  33  2:54  Drone  
  33  2:56  Drone  
  33  2:57  Drone  
  36  3:02  Overlord  
  36  3:07  Drone  
  36  3:09  Drone  
  36  3:10  Drone x2  
  40  3:16  Drone  
  40  3:18  Queen  
  43  3:20  Drone  
  44  3:27  Zergling x2  
  44  3:30  Spore Crawler  
  44  3:31  Zergling x2  
  45  3:37  Zergling x2  
  45  3:38  Drone x2, Zergling x2  
  49  3:42  Overlord  
  49  3:43  Drone x2  
  49  3:44  Drone  
  52  3:53  Overlord  
  52  3:57  Overlord  
  52  3:58  Queen  
  52  4:01  Drone x2  
  55  4:06  Drone  
  56  4:11  Drone x4  
  56  4:13  Drone x3  
  61  4:18  Lair  
  61  4:21  Zergling x4  
  61  4:22  Drone  
  64  4:31  Drone x2  
  66  4:34  Drone  
  66  4:35  Roach Warren  
  66  4:40  Drone  
  66  4:42  Drone  
  66  4:43  Drone  
  69  4:45  Drone  
  69  4:46  Drone x7  
  69  4:47  Drone  
  69  4:48  Extractor  
  69  4:50  Extractor x2  
  69  4:51  Extractor  
  69  4:52  Extractor  
  73  4:53  Evolution Chamber, Drone  
  73  4:55  Drone  
  74  5:00  Drone  
  74  5:02  Drone  
  74  5:05  Spore Crawler  
  74  5:06  Drone  
  74  5:10  Zergling x2  
  74  5:14  Drone x4  
  77  5:15  Queen  
  77  5:17  Glial Reconstitution  
  77  5:19  Overlord x3  
  77  5:20  Zerg Missile Weapons Level 1  
  81  5:22  Overlord  
  81  5:32  Drone  
  82  5:35  Overlord x2  
  82  5:37  Roach x4  
  82  5:41  Roach, Queen  
  94  5:47  Roach  
  94  5:48  Roach x2  
  97  5:53  Roach x3  
  103  5:58  Roach x3  
  103  6:01  Queen  
  111  6:05  Overlord  
  111  6:09  Roach x2  
  115  6:11  Pneumatized Carapace  
  115  6:12  Overlord  
  115  6:15  Roach x2  
  119  6:19  Overseer  
  119  6:21  Roach  
  119  6:25  Overlord  
  121  6:27  Roach x4  
  121  6:30  Overlord  
  121  6:32  Overlord  
  129  6:37  Roach x2  
  133  6:41  Roach x2  
  133  6:46  Roach x3  
  141  6:51  Roach x5  
  141  6:53  Overlord  
  151  6:56  Overlord  
  151  7:00  Overlord  
  151  7:08  Overlord x2  
  151  7:15  Roach x5  
  161  7:20  Ravager x8  
  169  7:23  Overlord x3  
  169  7:24  Overlord  
  169  7:33  Ravager x4  
  169  7:35  Roach x4  
  181  7:41  Ravager  
  181  7:42  Roach  
  181  7:43  Roach  
  186  7:49  Ravager  
  186  7:51  Roach x3  
  193  7:58  Roach x4  
  195  8:04  Roach x4  
  198  8:13  Zerg Missile Weapons Level 2  
  191  8:21  Roach  
  191  8:22  Roach x4, Hatchery  
  191  8:24  Roach x2  
  191  8:25  Roach  
  181  8:28  Roach x2  
  181  8:32  Ravager  
  180  8:38  Roach x3  
  172  8:46  Roach x2  
  172  8:47  Roach x4  
  172  8:50  Roach x2  
  172  8:55  Roach x3  
  159  9:03  Burrow  
  159  9:04  Roach x2  
  159  9:05  Roach  
  157  9:13  Tunneling Claws  
  157  9:15  Roach x3  
  163  9:17  Drone x2  
  155  9:26  Roach x6  
  155  9:30  Drone x2  
  167  9:36  Roach x3  
  171  9:41  Roach x4  
  171  9:43  Extractor  
  171  9:44  Drone x2  
  180  9:47  Roach  
  180  9:57  Roach x5  
  180  10:01  Roach x3  
  185  10:07  Roach x3  
  185  10:11  Overlord x2  
  185  10:13  Overlord  
  187  10:16  Overlord  
  187  10:25  Roach x4  
  169  10:29  Roach x2  
  169  10:31  Roach x2  
  165  10:37  Roach x4  
  160  10:43  Roach x4  
  160  10:49  Roach  
  142  10:53  Roach  
  142  10:54  Roach  
  118  11:03  Roach x3  
  120  11:05  Roach x3  
  120  11:07  Ravager  
  120  11:08  Ravager  
  127  11:12  Roach  
  127  11:19  Roach x2  
  125  11:27  Roach  
  114  11:43  Spore Crawler  
  113  11:56  Roach x3  
  113  11:57  Hatchery  
  106  12:06  Roach x6  
  94  12:24  Roach x5  
  95  12:34  Roach x10  
  95  12:39  Drone x2  
  95  12:43  Drone x12  
  97  12:45  Drone  
  92  13:12  Drone x5  
  87  13:20  Queen  
  87  13:26  Drone  
  90  13:28  Drone  
  91  13:38  Queen  
  87  13:48  Roach x2  
  86  13:51  Queen  
  86  13:55  Drone x2  
  90  13:56  Roach x3  
  90  14:00  Drone  
  91  14:04  Drone  
  91  14:05  Drone  
  91  14:11  Ravager x3  
Show
View Real Time Build Order
Export as new Build Order

LiquidMaNa Protoss - Winner!

Build Orders: 1 Gate Expand, Oracle Opening, Archon Immortal, Archon Drop 

Get SALT Encoding   

  12  0:00  Probe  
  13  0:12  Probe  
  14  0:20  Pylon  
  14  0:24  Probe  
  15  0:34  Probe  
  15  0:42  Probe  
  17  0:52  Probe  
  17  0:55  Gateway  
  18  0:58  Assimilator  
  18  1:00  Probe  
  18  1:08  Probe  
  20  1:18  Probe  
  21  1:32  Nexus  
  21  1:43  Probe, Cybernetics Core  
  22  1:50  Assimilator  
  22  1:54  Pylon  
  22  1:57  Probe  
  23  2:08  Probe  
  24  2:16  Probe  
  24  2:19  Stargate  
  24  2:21  Adept  
  27  2:26  Probe  
  28  2:31  Warp Gate  
  28  2:38  Probe  
  28  2:40  Probe  
  30  2:48  Probe  
  30  2:50  Probe  
  31  2:53  Stalker  
  31  2:58  Probe  
  34  3:02  Probe  
  36  3:06  Probe  
  36  3:08  Oracle  
  40  3:14  Probe x2  
  42  3:28  Probe  
  42  3:29  Probe  
  42  3:30  Nexus  
  42  3:32  Pylon  
  44  3:39  Robotics Facility  
  44  3:40  Probe  
  45  3:41  Probe  
  45  3:44  Assimilator  
  45  3:47  Assimilator  
  46  3:52  Probe  
  46  3:54  Twilight Council, Probe  
  48  4:04  Probe  
  48  4:06  Probe  
  50  4:16  Probe  
  51  4:17  Warp Prism  
  51  4:18  Probe  
  51  4:19  Gateway x2  
  51  4:21  Gateway  
  50  4:29  Probe  
  53  4:32  Templar Archives  
  53  4:34  Probe  
  53  4:38  Pylon, Probe  
  54  4:42  Probe  
  56  4:46  Shield Battery, Probe x2  
  56  4:52  Adept  
  60  4:54  Probe  
  60  4:56  Probe  
  60  4:58  Probe  
  63  5:06  Probe  
  63  5:08  Probe  
  63  5:10  Probe  
  63  5:11  Assimilator  
  63  5:12  Assimilator  
  65  5:15  High Templar x4  
  65  5:18  Probe  
  65  5:19  Archon x2  
  74  5:23  Probe x2  
  76  5:29  Pylon  
  76  5:30  Probe  
  76  5:31  Psionic Storm  
  76  5:32  Forge  
  77  5:38  Pylon  
  77  5:41  Pylon  
  77  5:45  Charge  
  77  5:47  Immortal  
  77  5:51  Probe x2  
  77  5:52  Zealot x3  
  89  5:57  High Templar  
  89  5:58  Pylon, Probe  
  92  6:07  Robotics Facility  
  92  6:08  Probe x2  
  94  6:13  Probe, High Templar  
  97  6:19  Shield Battery  
  97  6:20  Probe  
  97  6:23  Photon Cannon  
  97  6:24  Shield Battery  
  98  6:26  Immortal  
  98  6:27  Photon Cannon  
  98  6:31  Pylon  
  102  6:35  Zealot  
  102  6:37  Zealot x2  
  108  6:40  Probe  
  108  6:43  Protoss Ground Weapons Level 1  
  109  6:57  Immortal  
  113  7:04  Photon Cannon  
  113  7:07  Gateway, Immortal  
  117  7:09  Gateway  
  117  7:10  Photon Cannon  
  117  7:11  Gateway  
  117  7:15  Gateway  
  117  7:23  Shield Battery  
  117  7:25  Blink  
  117  7:27  Pylon  
  117  7:28  Pylon  
  117  7:29  Pylon  
  117  7:31  Pylon  
  115  7:37  Immortal  
  115  7:39  High Templar  
  117  7:46  Stalker x3  
  125  8:04  Stalker x2  
  127  8:06  Pylon  
  127  8:10  Stalker x5  
  133  8:17  Immortal  
  125  8:31  Zealot x2  
  125  8:34  Zealot x5  
  125  8:51  Zealot x2  
  125  8:55  Stalker x5  
  127  8:56  Immortal  
  127  9:13  Protoss Ground Weapons Level 2  
  127  9:15  High Templar x2  
  131  9:17  Zealot x3  
  131  9:18  Zealot x2  
  137  9:35  Immortal  
  137  9:37  Gateway  
  139  9:41  Stalker x5  
  143  10:04  Zealot x3  
  149  10:13  Pylon  
  149  10:19  Pylon  
  149  10:21  Pylon  
  147  10:22  Pylon  
  147  10:23  Observer  
  147  10:24  Pylon  
  131  10:33  Zealot  
  131  10:34  Zealot x3  
  137  10:35  Immortal  
  131  10:45  Gateway  
  131  10:46  Gateway  
  131  10:48  Gateway x2  
  131  10:49  Gateway  
  104  10:59  Stalker x3  
  103  11:10  Observer  
  100  11:16  Photon Cannon  
  100  11:17  Photon Cannon  
  101  11:20  Stargate  
  99  11:38  Immortal  
  91  11:41  High Templar x3  
  97  11:54  Pylon  
  97  11:56  Pylon  
  93  12:06  Pylon, Stalker x2  
  93  12:07  Stalker  
  93  12:08  Pylon  
  87  12:14  Void Ray  
  88  12:26  High Templar x3  
  88  12:27  High Templar  
  88  12:29  Immortal  
  92  12:31  Archon  
  92  12:32  Archon  
  90  12:37  Zealot  
  90  12:38  Zealot x2  
  95  13:00  Probe  
  96  13:08  Probe  
  96  13:09  Immortal  
  96  13:12  Probe x2  
  101  13:16  Probe  
  103  13:26  High Templar x3  
  110  13:27  Probe x2  
  110  13:28  Pylon  
  112  13:36  Probe  
  113  13:50  Immortal  
  117  14:07  Zealot x6  
Tags
 
Add a new tag
Caveats
  • Supply blocks, unpowered buildings, or Contaminate may cause inaccurate times.
  • Supply counts are checked every 10 seconds.